 Dungeon Crawl Stone Soup version 0.19-a0-1216-g363869b (webtiles) character file.

854 dobroeutro the Basher (level 8, -6/46 HPs)
             Began as a Gargoyle Fighter on Aug 23, 2016.
             Was an Initiate of Okawaru.
             Mangled by a wyvern (10 damage)
             ... on level 6 of the Dungeon.
             The game lasted 00:07:28 (5008 turns).

dobroeutro the Basher (Gargoyle Fighter)            Turns: 5008, Time: 00:07:29

Health: -6/46      AC: 12    Str: 22    XL:     8   Next: 1%
Magic:  17/17      EV:  7    Int:  8    God:    Okawaru [......]
Gold:   322        SH:  9    Dex: 10    Spells: 0 memorised, 7 levels left

rFire  . . .     SeeInvis .     a - +0 flail
rCold  . . .     Gourm    .     b - +0 scale mail
rNeg   + . .     Faith    .     c - +0 shield
rPois  ∞         Spirit   .     (no helmet)
rElec  +         Dismiss  .     (no cloak)
rCorr  .         Reflect  .     (no gloves)
MR     .....     Harm     .     (no boots)
Stlth  ..........               (no amulet)
                                e - ring of magical power
                                y - ring of flight

@: no status effects
A: negative energy resistance 1, electricity resistance, unbreathing,
petrification resistance, rot immunity, AC +5
a: Renounce Religion, Evoke Flight


You were on level 6 of the Dungeon.
You worshipped Okawaru.
Okawaru was noncommittal.
You were not hungry.

You visited 2 branches of the dungeon, and saw 7 of its levels.

You collected 322 gold pieces.

Inventory:

Hand Weapons
 a - a +0 flail (weapon)
Armour
 b - a +0 scale mail (worn)
 c - a +0 shield (worn)
Jewellery
 e - a ring of magical power (right hand)
 y - a ring of flight (left hand)
 A - an uncursed ring of ice
Wands
 v - a wand of polymorph (15/24)
Scrolls
 g - a scroll of magic mapping {unknown}
 j - 2 scrolls of teleportation {unknown}
 l - a scroll of fear {unknown}
 m - a scroll of blinking {unknown}
 n - 4 scrolls of identify {unknown}
 s - 2 scrolls of amnesia {unknown}
 t - a scroll of immolation {unknown}
 u - 2 scrolls of noise {unknown}
Potions
 d - a potion of might
 h - 3 potions of curing {unknown}
 i - a potion of brilliance {unknown}
 k - 2 potions of lignification {unknown}
 q - a potion of degeneration {unknown}
 r - 3 potions of heal wounds {unknown}
 w - a potion of berserk rage {unknown}
 x - 2 potions of agility {unknown}
 z - a potion of invisibility {unknown}
Comestibles
 f - 5 bread rations
 o - 2 meat rations
 p - a slice of pizza
 B - 2 chunks of flesh


   Skills:
 - Level 3.4 Fighting
 + Level 8.7 Maces & Flails
 - Level 3.4 Armour
 - Level 0.4 Dodging
 - Level 3.5 Shields


You had 7 spell levels left.
You didn't know any spells.

Dungeon Overview and Level Annotations

Branches:
Dungeon (6/15)             Temple (1/1) D:4

Altars:
Elyvilon
Fedhas
Nemelex Xobeh
Okawaru
Ru
Zin
The Shining One

Shops:
D:4 [

Annotations:
D:6 Tux's ghost, novice FoFi


Innate Abilities, Weirdness & Mutations

You are resistant to torment.
Your stone body is resilient. (AC +5)
You are immune to poison.
You resist negative energy. (rN+)
You are resistant to electric shocks. (rElec)
You can survive without breathing.
You are immune to petrification.
You are immune to rotting.


Message History

The wyvern is moderately wounded.
The wyvern bites you. The wyvern bites you!
Your shield and scale mail prevent you from hitting the wyvern.
The wyvern is moderately wounded.
The wyvern bites you!
* * * LOW HITPOINT WARNING * * *
You are too injured to fight recklessly!
You are too injured to fight recklessly!
You are too injured to fight recklessly!
You sock the wyvern!
The wyvern is almost dead.
The wyvern bites you but does no damage.
The wyvern bites you!
* * * LOW HITPOINT WARNING * * *
The wyvern closely misses you. The wyvern barely misses you.
You hit the wyvern but do no damage.
The wyvern is almost dead.
You block the wyvern's attack. The wyvern bites you!
You die...

##...####..........
##..# ######..###
#..# #.. # #..# #.#
# #..# .. # ##.###
#.# # ##....# #. #
#####..#...#
#.....@###...#
#####.l# ##...
##.## .. #..# .
##.# #.# #.. #..#
#...


You could see a wyvern.

Vanquished Creatures
  3 ogres
  2 giant frogs (D:6)
  2 hounds
  2 orc wizards (D:3)
  A centaur skeleton (D:4)
  A giant frog skeleton (D:3)
  An iguana (D:4)
  4 worker ants
  4 adders
  3 gnolls (D:4)
  A shadow imp (D:5)
  4 oozes
  3 worms (D:2)
  5 dart slugs
  2 giant geckos (D:4)
  7 orcs (D:3)
  A giant cockroach (D:2)
  8 goblins
  5 hobgoblins
  6 jackals
  7 kobolds
  A ball python (D:3)
  10 bats
  6 giant newts
  9 rats
98 creatures vanquished.

Notes
Turn   | Place    | Note
-------+----------+-------------------------------------------
     0 | D:1      | dobroeutro the Gargoyle Fighter began the quest for the Orb.
     0 | D:1      | Reached XP level 1. HP: 14/14 MP: 1/1
   496 | D:1      | Reached XP level 2. HP: 17/19 MP: 2/2
   912 | D:1      | Reached XP level 3. HP: 18/23 MP: 3/3
  1045 | D:2      | Reached skill level 3 in Maces & Flails
  1130 | D:2      | Reached XP level 4. HP: 12/28 MP: 4/4
  1645 | D:2      | Reached skill level 4 in Maces & Flails
  1890 | D:3      | Reached XP level 5. HP: 23/32 MP: 5/5
  1903 | D:3      | Reached skill level 5 in Maces & Flails
  2360 | D:3      | Reached XP level 6. HP: 36/37 MP: 6/6
  2807 | D:4      | Reached skill level 6 in Maces & Flails
  3236 | D:4      | Found Rinya's Armour Shop.
  3376 | D:4      | Reached skill level 7 in Maces & Flails
  3376 | D:4      | Reached XP level 7. HP: 5/41 MP: 7/7
  3809 | D:4      | Found a staircase to the Ecumenical Temple.
  3824 | Temple   | Entered the Ecumenical Temple
  3836 | Temple   | Became a worshipper of Warmaster Okawaru
  4049 | D:5      | Entered Level 5 of the Dungeon
  4223 | D:5      | Reached skill level 8 in Maces & Flails
  4794 | D:6      | Noticed Tux's ghost (novice FoFi)
  4925 | D:6      | Reached XP level 8. HP: 45/46 MP: 8/8
  4991 | D:6      | Noticed a wyvern
  5008 | D:6      | Mangled by a wyvern

Vault maps used:
D:1:      sevenhm_arrival_forest_fort_small_3
D:4:      first_bread, serial_shops, shop, st_stairs_9
D:6:      serial_shops, shop, kennysheep_generic_room_3
Temple:   regret_index_temple_chain_breaker

Skill      XL: |  1  2  3  4  5  6  7 |
---------------+----------------------+-----
Maces & Flails | 3 4 5 7 8 |  8.7
Fighting       | |  3.4
Armour         | |  3.4
Dodging        | |  0.4
Shields        | |  3.5

Action                   |  1- 3 |  4- 6 |  7- 9 || total
-------------------------+-------+-------+-------++-------
Melee: Flail             |   133 |   270 |    64 ||   467
  Use: Scroll            |       |       |     2 ||     2
  Eat: Chunk             |       |     6 |     6 ||    12
       Beef jerky        |       |     1 |       ||     1
Armor: Scale mail        |    88 |   155 |    25 ||   268
Dodge: Dodged            |    48 |    83 |    19 ||   150
Block: Shield            |    94 |   136 |    25 ||   255
